 Dungeon Crawl Stone Soup version 0.14-a0-852-g0ba292f (webtiles) character file.

87 4tharraofdagon the Skirmisher (level 3, 0/24 HPs)
             Began as a Gargoyle Fighter on Nov 15, 2013.
             Was an Initiate of Makhleb.
             Killed by divine providence
             ... invoked by an orc priest
              (9 damage)
             ... on Level 4 of the Dungeon.
             The game lasted 00:03:14 (577 turns).

4tharraofdagon the Skirmisher (Gargoyle Fighter)     Turns: 577, Time: 00:03:15

HP   0/24        AC 13     Str 20      XL: 3   Next: 85%
MP   2/2         EV  7     Int  8      God: Makhleb [......]
Gold 35          SH 18     Dex  9      Spells:  0 memorised,  2 levels left

Res.Fire  : . . .   See Invis. : .   a - +0 hand axe
Res.Cold  : . . .   Warding    : .   e - +4 dwarf ring mail
Life Prot.: + . .   Conserve   : .   c - +0 shield
Res.Poison: +       Res.Corr.  : .   (no helmet)
Res.Elec. : .       Clarity    : .   (no cloak)
Sust.Abil.: . .     Spirit.Shd : .   (no gloves)
Res.Mut.  : .       Stasis     : .   (no boots)
Res.Rott. : +       Flight     : .   (no amulet)
Saprovore : . . .                    (no ring)
                                     (no ring)

@: not resistant to hostile enchantments, extremely unstealthy
A: fangs 1, talons 2, life protection 1, slow metabolism 1, unbreathing,
petrification resistance, AC +3
a: Renounce Religion


You were on level 4 of the Dungeon.
You worshipped Makhleb.
Makhleb was noncommittal.
You were not hungry.

You visited 1 branch of the dungeon, and saw 4 of its levels.

You collected 35 gold pieces.

Inventory:

Hand weapons
 a - a +0,+0 hand axe (weapon)
Armour
 b - a +0 scale mail
 c - a +0 shield (worn)
 e - a +4 dwarven ring mail (worn)
Comestibles
 d - 4 bread rations
 f - a pear
Scrolls
 g - a scroll of magic mapping {unknown}
Potions
 h - a potion of curing {unknown}


   Skills:
 + Level 3.8 Fighting
 * Level 2.9 Axes
 + Level 3.7 Armour
 - Level 3.2 Shields


You had 2 spell levels left.
You didn't know any spells.

Dungeon Overview and Level Annotations

Branches:
Dungeon (4/16)
 Temple: D:4-7

Altars:
Makhleb

Annotations:
D:4 Dowan, Duvessa


Innate Abilities, Weirdness & Mutations

You are resistant to torment.
You are immune to poison.
Your stone body is very resilient (AC +3).
You have very sharp teeth.
You have razor-sharp toenails.
You resist negative energy.
You have a slow metabolism.
You can survive without breathing.
You are immune to petrification.


Message History

Found 14 gold pieces.
You now have 35 gold pieces (gained 14).
Found a quarterstaff.
Duvessa shouts!
Found a pear.
A worker ant and an orc come into view.
The worker ant twitches its antennae in your direction.
The orc shouts!
The orc moves out of view.
Found a stone staircase leading down.
A hobgoblin, an orc and an orc priest come into view.
The hobgoblin shouts!
The orc shouts!
The orc priest shouts!
The orc priest calls down the wrath of Beogh upon you.
Something smites you!
Ouch! That really hurt!
An orc comes into view. It is wielding an orcish short sword.
Unknown command.
The orc priest calls down the wrath of Beogh upon you.
Something smites you!
You die...

#.#.. .........#.#
#.#..##.#.# #.###
####.......# #.#..##.#.##
#.....e## #...........
....##.#.# ###..#.##.##
#.#.## #..#.##.## .
#....######.......##
....###........##########
......o...a##.#.#
#o......@.# # .oo#.#....#
.o #.#.g#.# # #..#.#
.>..%. ......## .......#
.... .# . .


You could see Duvessa, a worker ant, an orc priest, 3 orcs and a hobgoblin.

Vanquished Creatures
  Terence (D:3)
  An adder (D:3)
  2 giant geckos
  A giant cockroach (D:3)
  3 goblins
  8 hobgoblins
  A ball python (D:3)
  3 bats
  A giant newt (D:1)
  5 kobolds
  A rat (D:3)
27 creatures vanquished.

Notes
Turn   | Place    | Note
--------------------------------------------------------------
     0 | D:1      | 4tharraofdagon, the Gargoyle Fighter, began the quest for the Orb.
     0 | D:1      | Reached XP level 1. HP: 14/14 MP: 0/0
    43 | D:1      | hurdos: it was fast death :)
    68 | D:1      | Reached XP level 2. HP: 5/19 MP: 1/1
   145 | D:3      | Reached XP level 3. HP: 7/24 MP: 2/2
   198 | D:4      | Noticed Duvessa
   198 | D:4      | Noticed Dowan
   201 | D:4      | fuck this
   231 | D:4      | Found a burning altar of Makhleb.
   240 | D:4      | Became a worshipper of Makhleb the Destroyer
   297 | D:3      | Noticed Terence
   326 | D:3      | Killed Terence
   577 | D:4      | Killed from afar by an orc priest

Action                   || total
-------------------------++-------
Melee: Hand axe          ||    55
  Use: Potion            ||     3
       Scroll            ||     1
